 Dungeon Crawl Stone Soup version 0.21.1-1-g345015fe64 (webtiles) character file.

587 tacco the Shield-Bearer (level 7, -1/60 HPs)
             Began as a Minotaur Fighter on June 1, 2018.
             Was a Follower of Zin.
             Slain by a yak (14 damage)
             ... on level 4 of the Dungeon.
             The game lasted 00:21:13 (3985 turns).

tacco the Shield-Bearer (Minotaur Fighter)          Turns: 3985, Time: 00:21:13

Health: -1/60      AC:  7    Str: 28    XL:     7   Next: 15%
Magic:  6/6        EV:  9    Int:  5    God:    Zin [*.....]
Gold:   153        SH: 10    Dex:  9    Spells: 6/6 levels left

rFire    . . .     SeeInvis .   a - +0 flail
rCold    . . .     Gourm    .   c - +0 shield
rNeg     . . .     Faith    .   b - +0 scale mail
rPois    .         Spirit   .   (helmet restricted)
rElec    .         Reflect  .   (no cloak)
rCorr    .         Harm     .   (no gloves)
MR       .....                  (no boots)
Stlth    ..........             (no amulet)
HPRegen  0.20/turn              i - ring of wizardry
MPRegen  0.10/turn              (no ring)

@: mighty, very slightly contaminated
A: retaliatory headbutt, horns 2
a: Recite, Donate Gold, Renounce Religion


You were on level 4 of the Dungeon.
You worshipped Zin.
Zin was aware of your devotion.
You were not hungry.

You visited 1 branch of the dungeon, and saw 5 of its levels.

You collected 169 gold pieces.
You donated 16 gold pieces to Zin.

Inventory:

Hand Weapons
 a - a +0 flail (weapon)
 n - a +2 dagger of protection
Missiles
 j - 6 tomahawks (quivered)
Armour
 b - a +0 scale mail (worn)
 c - a +0 shield (worn)
 p - a +0 ring mail
 s - the cursed +1 leather armour of the Ten Coins {+Fly Int-5 Dex+9 SInv, unknown}
   (You found it on level 4 of the Dungeon)

   It affects your intelligence (-5).
   It affects your dexterity (+9).
   It lets you see invisible.
   It lets you fly.
   It has a curse placed upon it.
Jewellery
 i - a ring of wizardry (left hand)
Wands
 g - a wand of iceblast (5)
 x - a wand of enslavement (15)
Scrolls
 h - a scroll of enchant armour
 l - a scroll of enchant weapon
 m - 4 scrolls of amnesia
Potions
 k - a potion of berserk rage {unknown}
 q - a potion of flight {unknown}
 r - 3 potions of curing {unknown}
 t - a potion of haste {unknown}
Comestibles
 d - 2 chunks of flesh
 f - 5 rations


   Skills:
 + Level 4.9 Fighting
 + Level 5.7 Maces & Flails
 + Level 0.4 Throwing
 + Level 5.4 Armour
 + Level 1.7 Dodging
 + Level 0.2 Stealth
 + Level 5.7 Shields
 + Level 0.7 Invocations


You had 6 spell levels left.
You didn't know any spells.

Dungeon Overview and Level Annotations

Branches:
Dungeon (5/15)             Temple (0/1) D:5

Altars:
Cheibriados
Hepliaklqana
Makhleb
Qazlal
Ru
Vehumet
Zin

Annotations:
D:5 Dowan, Duvessa


Innate Abilities, Weirdness & Mutations

You reflexively headbutt those who attack you in melee.
You have a pair of horns on your head.


Message History

You bludgeon the worker ant!!
You kill the worker ant!
The yak's inner flame fades away.
The ooze's inner flame fades away.
The ooze jiggles.
You block the yak's attack.
You thump the yak!
The yak is moderately wounded.
The yak gores you!
* * * LOW HITPOINT WARNING * * *
The yak's inner flame fades away.
The yak gores you but does no damage.
You climb upwards.
There is a stone staircase leading down here.
There's no appreciative audience!
You barely miss the yak.
The yak is moderately wounded.
The yak misses you. You furiously retaliate!
You headbutt the yak! You barely miss the yak. You headbutt the yak!
The yak is almost dead.
The yak gores you!
You die...

#.#......###.....#########
##.###............#####
#.....................###
######............#.....#
#............#.....#
#.......###........#
##......# #........###
#......###...#.....#.
#...@.........[....#.
#....Y.###.........#.
#......# #.........#.
##.....# #....#......
#.....# #......##...
###.....#####.........
#........####....##...
#.....................
#........#.....#######


You could see a yak.

Vanquished Creatures
  An ice beast (D:5)
  A scorpion (D:4)
  A howler monkey (D:4)
  A crimson imp (D:4)
  A hound (D:4)
  2 orc priests
  Jessica (D:2)
  An iguana (D:5)
  A worker ant (D:5)
  A howler monkey zombie (D:5)
  2 gnolls
  5 adders
  2 oozes
  A worm (D:4)
  3 dart slugs
  4 leopard geckos
  8 orcs
  4 ball pythons
  9 giant cockroaches
  18 goblins
  4 hobgoblins
  3 jackals (D:4)
  11 kobolds
  3 quokkas
  13 bats
  5 frilled lizards
  8 rats
114 creatures vanquished.

Notes
Turn   | Place    | Note
-------+----------+-------------------------------------------
     0 | D:1      | tacco the Minotaur Fighter began the quest for the Orb.
     0 | D:1      | Reached XP level 1. HP: 19/19 MP: 0/0
   153 | D:1      | Reached XP level 2. HP: 26/27 MP: 1/1
   399 | D:1      | Reached XP level 3. HP: 32/33 MP: 2/2
  1159 | D:2      | Reached XP level 4. HP: 20/40 MP: 3/3
  1166 | D:2      | Noticed Jessica
  1173 | D:2      | Killed Jessica
  1173 | D:2      | Reached skill level 1 in Dodging
  1354 | D:2      | Reached skill level 5 in Shields
  1702 | D:2      | Reached XP level 5. HP: 37/46 MP: 4/4
  1870 | D:3      | Found a sacrificial altar of Ru.
  2213 | D:3      | Found a stormy altar of Qazlal.
  2214 | D:3      | Found a hazy altar of Hepliaklqana.
  2236 | D:3      | Found a snail-covered altar of Cheibriados.
  2249 | D:3      | Found a glowing silver altar of Zin.
  2256 | D:3      | Became a worshipper of Zin the Law-Giver
  2256 | D:3      | Reached * piety under Zin
  2733 | D:4      | Reached XP level 6. HP: 31/53 MP: 5/5
  2798 | D:5      | Entered Level 5 of the Dungeon
  3085 | D:4      | Reached skill level 5 in Maces & Flails
  3230 | D:4      | Reached skill level 5 in Armour
  3291 | D:4      | Got a distressingly furry leather armour
  3449 | D:4      | Found a burning altar of Makhleb.
  3449 | D:4      | Found a radiant altar of Vehumet.
  3949 | D:5      | Found a staircase to the Ecumenical Temple.
  3949 | D:5      | Noticed Duvessa
  3949 | D:5      | Noticed Dowan
  3949 | D:5      | Noticed a yak
  3949 | D:5      | Noticed a yak
  3949 | D:5      | Noticed a yak
  3949 | D:5      | Noticed a yak
  3949 | D:5      | Noticed a yak
  3949 | D:5      | Noticed a yak
  3953 | D:5      | Noticed an ice beast
  3958 | D:5      | Killed an ice beast
  3958 | D:5      | Reached XP level 7. HP: 19/60 MP: 6/6
  3985 | D:4      | Slain by a yak

Skill      XL: |  1  2  3  4  5  6 |
---------------+-------------------+-----
Fighting       | 4 |  4.9
Armour         | 4 5 |  5.4
Shields        | 4 5 |  5.7
Maces & Flails | 3 4 5 |  5.7
Dodging        | 1 |  1.7
Throwing       | |  0.4
Stealth        | |  0.2
Invocations    | |  0.7

Action                   |  1- 3 |  4- 6 |  7- 9 || total
-------------------------+-------+-------+-------++-------
Melee: Flail             |   103 |   191 |     7 ||   301
       Headbutt          |    11 |    21 |     1 ||    33
Throw: Tomahawk          |       |     7 |       ||     7
Invok: Recite            |       |     3 |       ||     3
  Use: Potion            |     1 |     1 |       ||     2
       Scroll            |       |     8 |       ||     8
  Eat: Chunk             |     1 |     7 |       ||     8
       Ration            |       |     1 |       ||     1
Armor: Scale mail        |    54 |    69 |     2 ||   125
Dodge: Dodged            |    35 |    59 |     5 ||    99
Block: Shield            |    60 |   108 |     1 ||   169
